 Dungeon Crawl Stone Soup version 0.30.0-29-ga12c61a403 (webtiles) character file.

Game seed: 94929514124695656

1121 Irreverend the Slasher (level 8, -2/61 HPs)
             Began as a Demonspawn Gladiator on June 6, 2023.
             Slain by a sky beast (6 damage)
             ... on level 7 of the Dungeon.
             The game lasted 00:09:12 (6781 turns).

Irreverend the Slasher (Demonspawn Gladiator)       Turns: 6781, Time: 00:09:13

Health: -2/61      AC:  5    Str: 14    XL:     8   Next: 12%
Magic:  8/8        EV: 14    Int: 10    God:
Gold:   339        SH:  0    Dex: 17    Spells: 7/7 levels left

rFire   . . .        a - +0 long sword
rCold   . . .        (no shield)
rNeg    + . .        b - +0 leather armour
rPois   .            c - +0 helmet
rElec   .            (no cloak)
rCorr   .            (no gloves)
SInv    .            (no boots)
Will    .....        l - amulet of the acrobat
Stlth   +            C - ring of positive energy
HPRegen 0.30/turn    (no ring)
MPRegen 0.11/turn

%: acrobat
@: no status effects
A: powered by death 2, spiny 1, sharp scales 1
a: no special abilities


You were on level 7 of the Dungeon.
You visited 1 branch of the dungeon, and saw 7 of its levels.

You collected 339 gold pieces.

Inventory:

Hand Weapons
 a - a +0 long sword (weapon)
Missiles
 e - 3 javelins (quivered)
Armour
 b - a +0 leather armour (worn)
 c - a +0 helmet (worn)
Jewellery
 d - a ring of wizardry
 l - an amulet of the acrobat (around neck)
 w - an amulet of guardian spirit
 C - a ring of positive energy (left hand)
 E - a ring of magical power
 F - a ring of willpower
 I - a +5 ring of evasion
Scrolls
 g - 6 scrolls of teleportation
 h - 2 scrolls of fog {unknown}
 i - 5 scrolls of identify {unknown}
 k - 2 scrolls of enchant armour {unknown}
 n - a scroll of amnesia {unknown}
 o - 4 scrolls of fear {unknown}
 p - a scroll of noise {unknown}
 s - 2 scrolls of enchant weapon {unknown}
 u - a scroll of poison {unknown}
 x - 2 scrolls of magic mapping {unknown}
 y - 2 scrolls of immolation {unknown}
 A - 2 scrolls of summoning {unknown}
 D - a scroll of blinking {unknown}
 H - a scroll of silence {unknown}
Potions
 f - 3 potions of curing {unknown}
 j - a potion of haste {unknown}
 m - 3 potions of invisibility {unknown}
 q - a potion of resistance {unknown}
 r - 3 potions of might {unknown}
 t - 2 potions of mutation {unknown}
 v - a potion of ambrosia {unknown}
 z - a potion of lignification {unknown}
 B - 3 potions of heal wounds {unknown}
 G - 2 potions of attraction {unknown}


   Skills:
 + Level 4.6 Fighting
 * Level 6.1 Long Blades
 + Level 4.2 Throwing
 + Level 4.6 Dodging


You had 7 spell levels left.
You didn't know any spells.
Your spell library contained the following spells:

 Spells                   Type           Power      Damage    Failure   Level
 Necrotise                Necr           0%         1d4       43%         1
 Dazzling Flash           Conj/Hex       0%         N/A       82%         3
 Hailstorm                Conj/Ice       0%         3d3       82%         3
 Vampiric Draining        Necr           0%         2d6       82%         3
 Animate Dead             Necr           0%         N/A       99%         4
 Ice Form                 Ice/Tmut       0%         N/A       99%         4
 Agony                    Necr           0%         N/A       100%        5
 Borgnjor's Vile Clutch   Necr/Erth      0%         N/A       100%        5
 Silence                  Hex/Air        0%         N/A       100%        5
 Death Channel            Necr           0%         N/A       100%        6
 Simulacrum               Ice/Necr       0%         N/A       100%        6


Dungeon Overview and Level Annotations

Branches:
Dungeon (7/15)
 Temple: D:4-7

Altars:
Gozag
Hepliaklqana
Sif Muna
Trog

Annotations:
D:7 Maggie


Innate Abilities, Weirdness & Mutations

You regenerate health from kills.
You are partially covered in sharp spines.
You are partially covered in razor-sharp scales. (AC +1, Slay +1)


Message History

You are too injured to fight recklessly!
You are too injured to fight recklessly!
You are too injured to fight recklessly!
You are too injured to fight recklessly!
You are too injured to fight recklessly!
You are too injured to fight recklessly!
You are too injured to fight recklessly!
You are too injured to fight recklessly!
You cannot move away from Maggie!
You slash Maggie!
Maggie is heavily wounded.
Maggie hits you with a +0 war axe. Something hits you but does no damage.
You hit Maggie but do no damage.
Maggie is heavily wounded.
Maggie barely misses you. Something hits you but does no damage.
You slash Maggie!
Maggie is heavily wounded.
Something hits you but does no damage.
Maggie says, "How do the people who live here stand the isolation?"
Maggie hits you but does no damage. Maggie hits you with a +0 war axe.
* * * LOW HITPOINT WARNING * * *
Something barely misses you.
You hit Maggie but do no damage.
Maggie is heavily wounded.
You break out of your daze.
Something hits you but does no damage. Maggie misses you.
You hit Maggie but do no damage.
Maggie is heavily wounded.
Maggie hits you with a +0 war axe.
* * * LOW HITPOINT WARNING * * *
Something hits you.
* * * LOW HITPOINT WARNING * * *
Something shocks you.
* * * LOW HITPOINT WARNING * * *
You slash Maggie! Your punch misses Maggie.
Maggie is severely wounded.
Something hits you.
* * * LOW HITPOINT WARNING * * *
Something shocks you.
You die...

##### ......
......####+######
.................
.................
................(
.................
........{@@......
.....#'#####+##.
### #.<.# #...+
#...# #...# #####


You could see Maggie.

Vanquished Creatures
  A black bear (D:4)
  An ogre (D:5)
  A phantom (D:6)
  A kobold brigand (D:6)
  A scorpion (D:5)
  2 electric eels (D:6)
  5 hounds
  2 orc priests (D:4)
  4 iguanas (D:5)
  4 orc wizards
  8 gnolls
  4 adders
  A white imp (D:5)
  5 dart slugs
  20 orcs
  7 endoplasms
  2 giant cockroaches
  8 hobgoblins
  5 jackals
  10 kobolds
  2 quokkas (D:4)
  10 ball pythons
  10 bats
  4 frilled lizards
  6 goblins
  3 rats (D:1)
  2 spectral goblins
129 creatures vanquished.

Notes
Turn   | Place    | Note
-------+----------+-------------------------------------------
     0 | D:1      | Irreverend the Demonspawn Gladiator began the quest for the
                  | Orb.
     0 | D:1      | Reached XP level 1. HP: 16/16 MP: 1/1
   174 | D:1      | Gained mutation: You are partially covered in razor-sharp
                  | scales. (AC +1, Slay +1) [demonic ancestry]
   174 | D:1      | Reached XP level 2. HP: 22/22 MP: 2/2
   213 | D:1      | Reached skill level 3 in Long Blades
   811 | D:1      | Reached XP level 3. HP: 28/28 MP: 3/3
  1011 | D:2      | Found a faded altar of an unknown god.
  1070 | D:2      | Identified the +8 dagger "Boettouts" {flame, Str+2}
  1531 | D:3      | Gained mutation: You regenerate a little health from kills.
                  | [demonic ancestry]
  1531 | D:3      | Reached XP level 4. HP: 20/34 MP: 4/4
  1906 | D:3      | Identified the +1 mace of Jyqupriv {speed, Stlth+}
  2426 | D:3      | Found an opulent altar of Gozag.
  2666 | D:4      | Reached XP level 5. HP: 25/40 MP: 5/5
  2678 | D:4      | Reached skill level 4 in Long Blades
  2877 | D:4      | Noticed a black bear
  2914 | D:4      | Killed a black bear
  2915 | D:4      | Gained mutation: You regenerate health from kills. [demonic
                  | ancestry]
  2915 | D:4      | Reached XP level 6. HP: 14/47 MP: 6/6
  3454 | D:5      | Entered Level 5 of the Dungeon
  3506 | D:5      | Reached skill level 5 in Long Blades
  3671 | D:5      | Reached XP level 7. HP: 53/53 MP: 7/7
  3931 | D:5      | Found a shimmering blue altar of Sif Muna.
  5533 | D:6      | Found a bloodstained altar of Trog.
  6216 | D:6      | Reached skill level 6 in Long Blades
  6216 | D:6      | Gained mutation: You are partially covered in sharp spines.
                  | [demonic ancestry]
  6216 | D:6      | Reached XP level 8. HP: 9/61 MP: 8/8
  6642 | D:6      | Found a hazy altar of Hepliaklqana.
  6764 | D:7      | Noticed Maggie
  6781 | D:7      | Slain by a sky beast

Illustrated notes

Levels and vault maps discovered:
D:1:      matt_arrival_los_fun, layout_basic
D:2:      layout_basic, dreamdust_ecumenical_altar_drowned_temple,
          kennysheep_generic_room_7
D:3:      layout_basic, grunt_temple_overflow_gold_and_silver,
          guppyfry_early_lair_pool
D:4:      layout_rooms
D:5:      layout_basic, nicolae_overflow_hidden_temple
D:6:      layout_loops_corners, trog_three_pillars_becter,
          nicolae_hepliaklqana_monster_ancestors, serial_bayou_lake_a
D:7:      layout_gridville, temple_pool_b, chequers_serial_rivers_small_b,
          uniq_maggie, uniq_menkaure, uniq_prince_ribbit1, uniq_duvessa

Skill      XL: |  1  2  3  4  5  6  7 |
---------------+----------------------+-----
Throwing       | 2 3 4 |  4.2
Long Blades    | 3 4 5 6 |  6.1
Dodging        | 3 4 |  4.6
Fighting       | 3 4 |  4.6

Action                     |  1- 3 |  4- 6 |  7- 9 || total
---------------------------+-------+-------+-------++-------
  Melee: Long sword        |   127 |   174 |   134 ||   435
         Punch             |     1 |     2 |     1 ||     4
  Throw: Throwing net      |       |     3 |     3 ||     6
         Javelin           |       |     5 |     7 ||    12
    Use: Scroll            |       |       |     1 ||     1
   Stab: Sleeping          |     2 |     2 |       ||     4
         Held in net/web   |       |     1 |       ||     1
 Armour: Leather armour    |    48 |    45 |    29 ||   122
  Dodge: Dodged            |   123 |   149 |   100 ||   372
